 Dungeon Crawl Stone Soup version 0.22-a0-21-g9421e3f (webtiles) character file.

980 ricardofg the Magician (level 8, 0/42 HPs)
             Began as a Gargoyle Wizard on Jan 2, 2018.
             Was a Follower of Vehumet.
             Killed themself with a badly aimed iceblast (15 damage)
             ... on level 6 of the Dungeon.
             The game lasted 00:25:49 (8323 turns).

ricardofg the Magician (Gargoyle Wizard)            Turns: 8323, Time: 00:25:49

Health: 0/42       AC:  8    Str: 12    XL:     8   Next: 17%
Magic:  12/24      EV: 12    Int: 20    God:    Vehumet [*.....]
Gold:   244        SH:  0    Dex:  8    Spells: 10/17 levels left

rFire    . . .     SeeInvis .   k - +0 whip
rCold    . . .     Gourm    .   (no shield)
rNeg     + . .     Faith    .   a - +1 robe
rPois    ∞         Spirit   .   b - +0 hat
rElec    +         Reflect  .   (no cloak)
rCorr    .         Harm     .   (no gloves)
MR       .....                  (no boots)
Stlth    ++........             (no amulet)
HPRegen  0.14/turn              E - ring of magical power
MPRegen  0.19/turn              p - ring of wizardry

@: no status effects
A: negative energy resistance 1, electricity resistance, unbreathing,
petrification resistance, rot immunity, AC +5
a: Renounce Religion


You were on level 6 of the Dungeon.
You worshipped Vehumet.
Vehumet was aware of your devotion.
You were not hungry.

You visited 1 branch of the dungeon, and saw 6 of its levels.

You collected 244 gold pieces.

Inventory:

Hand Weapons
 k - a +0 whip (weapon)
 m - a +0 dagger
Missiles
 v - 4 poisoned tomahawks (quivered)
Armour
 a - a +1 robe (worn)
 b - a +0 hat (worn)
Jewellery
 i - an uncursed ring of protection from cold
 p - a ring of wizardry (right hand)
 A - a +4 ring of protection
 E - a ring of magical power (left hand)
 G - an uncursed ring of protection from cold
 I - an uncursed ring of protection from fire {unknown}
Wands
 y - a wand of random effects (21)
 F - a wand of paralysis (4)
 J - a wand of digging (11)
Scrolls
 e - a scroll of fog
 n - a scroll of immolation {unknown}
 o - a scroll of magic mapping
 q - a scroll of teleportation
 t - 4 scrolls of identify
 u - 7 scrolls of remove curse
 x - a scroll of noise {unknown}
 C - a scroll of fear {unknown}
 D - a scroll of enchant armour
Potions
 f - a potion of lignification {unknown}
 g - a potion of heal wounds
 h - a potion of resistance {unknown}
 j - 2 potions of curing
 l - 2 potions of agility {unknown}
 r - 2 potions of mutation {unknown}
 s - 2 potions of brilliance {unknown}
 w - a potion of ambrosia {unknown}
 z - 2 potions of might {unknown}
 B - a potion of berserk rage {unknown}
Books
 c - a book of Minor Magic

   Spells                             Type                      Level
   a - Magic Dart                     Conjuration                  1
   b - Blink                          Translocation                2
   c - Call Imp                       Summoning                    2
   d - Slow                           Hexes                        2
   e - Conjure Flame                  Conjuration/Fire             3
   f - Mephitic Cloud                 Conjuration/Poison/Air       3
 K - a book of Party Tricks

   Spells                             Type                      Level
   a - Summon Butterflies             Summoning                    1
   b - Apportation                    Translocation                1
   c - Lesser Beckoning               Translocation                3
   d - Tukima's Dance                 Hexes                        3
   e - Alistair's Intoxication        Transmutation/Poison         5
   f - Invisibility                   Hexes                        6
Comestibles
 d - 9 rations
 H - 3 chunks of flesh


   Skills:
 + Level 0.6 Fighting
 + Level 0.3 Maces & Flails
 + Level 1.7 Dodging
 - Level 2.1 Stealth
 + Level 5.0 Spellcasting
 + Level 4.9 Conjurations
   Level 0.8 Summonings
   Level 0.8 Translocations
 * Level 4.0 Fire Magic
 * Level 3.0 Air Magic
 - Level 2.1 Poison Magic
 + Level 0.3 Evocations


You had 10 spell levels left.
You knew the following spells:

 Your Spells              Type           Power        Failure   Level  Hunger
a - Magic Dart            Conj           ###.         1%          1    None
b - Conjure Flame         Conj/Fire      ###.....     2%          3    ##.....
c - Mephitic Cloud        Conj/Pois/Air  ###.....     3%          3    ##.....


Dungeon Overview and Level Annotations

Branches:
Dungeon (6/15)
 Temple: D:4-7

Altars:
Ashenzari
Hepliaklqana
Qazlal
Uskayaw
Vehumet
Yredelemnul

Shops:
D:5 [

Annotations:
D:3 Hobbes's ghost, novice DrFi
D:4 Grinder
D:6 xfalz's ghost, novice GnSk


Innate Abilities, Weirdness & Mutations

You are resistant to torment.
Your stone body is resilient. (AC +5)
You are immune to poison.
You resist negative energy. (rN+)
You are resistant to electric shocks. (rElec)
You can survive without breathing.
You are immune to petrification.
You are immune to rotting.


Message History

Aiming: Magic Dart
Press: ? - help, Shift-Dir - straight line, f/p - xfalz's ghost
Aim: xfalz's ghost, wielding a weapon of venom (lightly damaged)
The magic dart hits xfalz's ghost.
Xfalz's ghost is lightly damaged.
Xfalz's ghost hits you!
Casting: Magic Dart
Confirm with . or Enter, or press ? or * to list all spells.
Aiming: Magic Dart
Press: ? - help, Shift-Dir - straight line, f/p - xfalz's ghost
Aim: xfalz's ghost, wielding a weapon of venom The magic dart hits xfalz's ghost.
Xfalz's ghost completely misses you.
Evoke which item? (* to show all) (? for menu, Esc to quit)
Aiming: Random Effects
Press: ? - help, Shift-Dir - straight line, f/p - xfalz's ghost
Aim: xfalz's ghost, wielding a weapon of venom The mass of ice explodes!
The iceblast engulfs xfalz's ghost.
Xfalz's ghost is lightly damaged.
The iceblast engulfs you!
You die...

#.##.#...).....#
##.##.#....##.###
..............# #
#..######....##
#..######....##
#.............# .#..
#..######....## ....#.
#..######....#
#....##......W@...## #
#............##...#
#.#....##..######...#
#.#....##..######...#
..........W^..........
#.#..............(.....
........................
#.#.).#.............###.
........##.##.###.


You could see xfalz's ghost.

Vanquished Creatures
  Menkaure (D:5)
  Duvessa (D:4)
  2 ogres
  Dowan (D:5)
  2 scorpions
  A howler monkey (D:5)
  4 orc wizards
  2 iguanas (D:4)
  A howler monkey skeleton (D:4)
  7 adders
  2 shadow imps
  An ooze (D:2)
  5 worms
  A dart slug (D:1)
  4 leopard geckos
  20 orcs
  A ball python (D:2)
  8 giant cockroaches
  8 hobgoblins
  6 jackals
  9 kobolds
  2 quokkas
  11 bats
  5 frilled lizards
  A giant cockroach zombie (D:5)
  9 goblins
  10 rats
125 creatures vanquished.

Notes
Turn   | Place    | Note
-------+----------+-------------------------------------------
     0 | D:1      | ricardofg the Gargoyle Wizard began the quest for the Orb.
     0 | D:1      | Reached XP level 1. HP: 10/10 MP: 4/4
   150 | D:1      | Reached XP level 2. HP: 15/15 MP: 1/6
   820 | D:1      | Reached XP level 3. HP: 18/19 MP: 4/8
  1069 | D:2      | Learned a level 3 spell: Conjure Flame
  1073 | D:2      | Learned a level 3 spell: Mephitic Cloud
  2005 | D:2      | Reached XP level 4. HP: 15/24 MP: 0/9
  2563 | D:2      | Found a stormy altar of Qazlal.
  2587 | D:2      | Reached skill level 4 in Spellcasting
  2758 | D:3      | Found a hide-covered altar of Uskayaw.
  2816 | D:3      | Found a radiant altar of Vehumet.
  2819 | D:3      | Became a worshipper of Vehumet
  2940 | D:3      | Reached XP level 5. HP: 28/28 MP: 2/11
  2945 | D:3      | Reached skill level 1 in Poison Magic
  3002 | D:3      | Noticed Hobbes's ghost (novice DrFi)
  3402 | D:2      | Reached skill level 1 in Air Magic
  3949 | D:3      | Reached * piety under Vehumet
  3949 | D:3      | Offered knowledge of Sandblast by Vehumet.
  4044 | D:3      | Reached XP level 6. HP: 25/32 MP: 7/12
  4650 | D:4      | Reached skill level 1 in Fire Magic
  4787 | D:4      | Noticed Grinder
  4802 | D:4      | Paralysed by Grinder for 7 turns
  4823 | D:4      | Paralysed by Grinder for 3 turns
  4829 | D:5      | Entered Level 5 of the Dungeon
  6068 | D:4      | Reached XP level 7. HP: 27/36 MP: 5/13
  6173 | D:4      | Found a basalt altar of Yredelemnul.
  6174 | D:4      | Found a hazy altar of Hepliaklqana.
  6320 | D:5      | Noticed Dowan
  6532 | D:5      | Killed Dowan
  6774 | D:5      | Found Hutymer's Armour Shoppe.
  6816 | D:5      | Found a shattered altar of Ashenzari.
  6845 | D:5      | Noticed Duvessa
  6851 | D:5      | Noticed Menkaure
  6946 | D:4      | Killed Duvessa
  7897 | D:5      | Killed Menkaure
  8024 | D:5      | Reached skill level 5 in Spellcasting
  8025 | D:5      | Reached XP level 8. HP: 17/41 MP: 15/15
  8281 | D:6      | Noticed xfalz's ghost (novice GnSk)
  8323 | D:6      | Killed themself with a badly aimed iceblast

Vault maps used:
D:1:      dpeg_arrival_refuge, corexii_corridor_pit,
          wad_floor_pattern_untrapped, corner_web_ring, serial_bayou_pond_e
D:2:      grunt_qazlal_clouds, first_ration, minmay_pentomino_v2
D:3:      lemuel_crystal_altar, lemuel_crystal_altar
D:4:      gammafunk_temple_overflow_pools, uniq_grinder
D:5:      serial_shops, kennysheep_little_box, evilmike_ruin_ashenzari,
          uniq_menkaure, uniq_duvessa
D:6:      old_standard_altar, tso_metal_star, temple_pool_b

Skill      XL: |  1  2  3  4  5  6  7  8 |
---------------+-------------------------+-----
Conjurations   | 2 3 4 |  4.9
Spellcasting   | 4 5 |  5.0
Poison Magic   | 2 |  2.1
Air Magic      | 1 2 3 |  3.0
Fire Magic     | 2 3 4 |  4.0
Fighting       | |  0.6
Maces & Flails | |  0.3
Dodging        | |  1.7
Stealth        | |  2.1
Summonings     | |  0.8
Translocations | |  0.8
Evocations     | |  0.3

Action                   |  1- 3 |  4- 6 |  7- 9 || total
-------------------------+-------+-------+-------++-------
Melee: Unarmed           |     4 |       |       ||     4
       Whip              |    62 |    90 |    54 ||   206
       Dagger            |       |       |     8 ||     8
Throw: Tomahawk          |       |    11 |     4 ||    15
 Cast: Magic Dart        |   111 |   180 |    94 ||   385
       Mephitic Cloud    |       |     4 |     4 ||     8
Evoke: Wand              |       |       |     4 ||     4
  Use: Scroll            |     4 |     1 |     1 ||     6
       Potion            |       |       |     1 ||     1
 Stab: Paralysed         |       |       |     8 ||     8
  Eat: Chunk             |     2 |     7 |     4 ||    13
       Ration            |     1 |     1 |     1 ||     3
Armor: Robe              |    37 |    63 |    44 ||   144
Dodge: Dodged            |    56 |   122 |    60 ||   238

Table legend:
 A = Spawn XP
 B = Non-spawn XP
 C = Spawn XP percentage of total XP
 D = Spawn monster count
 E = Non-spawn monster count
 F = Spawn count percentage of total count
 G = Total turns spent on level
                    A         B        C        D         E        F      G
               +---------+---------+-------+---------+---------+-------+---------
         Total |       0 |    1400 |   0.0 |       0 |     125 |   0.0 |  8323
               +---------+---------+-------+---------+---------+-------+---------
           D:1 |       0 |      37 |   0.0 |       0 |      23 |   0.0 |  1468
           D:2 |       0 |     130 |   0.0 |       0 |      34 |   0.0 |  1943
           D:3 |       0 |     169 |   0.0 |       0 |      34 |   0.0 |  1193
           D:4 |       0 |     485 |   0.0 |       0 |      15 |   0.0 |  1652
           D:5 |       0 |     399 |   0.0 |       0 |      13 |   0.0 |  1949
           D:6 |       0 |     180 |   0.0 |       0 |       6 |   0.0 |   118
               +---------+---------+-------+---------+---------+-------+---------
